 Dungeon Crawl Stone Soup version 0.31-a0-986-g5e6e4ef867 (webtiles) character file.

Game seed: 3533690049467830628

7058 lunkers the Martial Artist (level 11, 0/89 HPs)
             Began as a Meteoran Shapeshifter on Nov 16, 2023.
             Was a Priest of Dithmenos.
             Slain by a wolf (8 damage)
             ... on level 1 of the Lair of Beasts.
             The game lasted 00:16:00 (4063 turns).

lunkers the Martial Artist (Meteoran Shapeshifter)  Turns: 4063, Time: 00:16:00

Health: 0/89       AC: 21    Str: 20    XL:     11   Next: 55%
Magic:  12/12      EV: 12    Int: 12    God:    Dithmenos [***...]
Gold:   1008       SH:  0    Dex: 17    Spells: 10/10 levels left

rFire   + +          +
                       - Unarmed
rCold   . . .        (shield currently unavailable)
rNeg    . . .        B - +6 fire dragon scales of the Tanner {rF++ rC- Str+3}
rPois   .            (no helmet)
rElec   .            x - scarf {rC+ rF+}
rCorr   .            s - +0 pair of gloves
SInv    .            (no boots)
Will    ++...        y - amulet of regeneration Stlth
                     v - +4 ring of protection
HPRegen 1.14/turn    m - ring of willpower
MPRegen 0.13/turn

%: no passive effects
@: brilliant, flux-form, glowing
A: glow, contaminating, sense surroundings 2, otherworldly, glowing, explore
regen
a: Begin Untransformation, Renounce Religion, Shadow Step


You were on level 1 of the Lair of Beasts.
You worshipped Dithmenos.
Dithmenos was most pleased with you.
You were something dangerously unstable.
You visited 2 branches of the dungeon, and saw 9 of its levels.
You also visited: Bailey.

You collected 1690 gold pieces.
You spent 682 gold pieces at shops.

Inventory:

Armour
 l - the +0 ring mail of the Three Seers {rF+ Str+3}
   (You found it on level 2 of the Dungeon)

   Str+3:     It affects your strength (+3).
   rF+:       It protects you from fire.
 s - a +0 pair of gloves (worn)
 x - a scarf of resistance (worn)
 A - +0 steam dragon scales
 B - the +6 fire dragon scales of the Tanner (worn) {rF++ rC- Str+3}
   (You found it in a bailey)

   Str+3:     It affects your strength (+3).
   rF++:      It greatly protects you from fire.
   rC-:       It makes you vulnerable to cold.
Jewellery
 g - an amulet of magic regeneration
 k - a ring of protection from fire
 m - a ring of willpower (right hand)
 u - a ring of poison resistance
 v - a +4 ring of protection (left hand)
 y - an amulet of regeneration (around neck)
Talismans
 c - a beast talisman
 d - a flux talisman (active)
Wands
 f - a wand of flame (35)
 i - a wand of polymorph (23)
 j - a wand of acid (10)
 p - a wand of roots (15)
Scrolls
 a - a scroll of fog
 e - 2 scrolls of teleportation
 r - a scroll of blinking
 C - a scroll of enchant weapon {unknown}
Potions
 b - 2 potions of lignification
 h - a potion of enlightenment {unknown}
 n - a potion of resistance {unknown}
 o - 2 potions of brilliance
 q - a potion of magic
 t - a potion of curing {unknown}
 w - a potion of attraction {unknown}
 z - a potion of mutation {unknown}


   Skills:
 + Level 5.6 Fighting
 + Level 5.5 Armour
 + Level 5.9 Dodging
 * Level 14.1 Unarmed Combat
 + Level 9.7 Shapeshifting


You had 10 spell levels left.
You didn't know any spells.
Your spell library contained the following spells:

 Spells                   Type           Power      Damage    Failure   Level
 Blink                    Tloc           0%         N/A       85%         2
 Lesser Beckoning         Tloc           0%         N/A       85%         2
 Momentum Strike          Conj/Tloc      0%         3d8       85%         2
 Scorch                   Fire           0%         2d5       85%         2
 Wereblood                Tmut           0%         N/A       85%         2
 Hailstorm                Conj/Ice       0%         3d3       97%         3
 Flame Wave               Conj/Fire      0%         2d4       100%        4
 Summon Ice Beast         Ice/Summ       0%         N/A       100%        4
 Irradiate                Conj/Tmut      0%         3d11      100%        5
 Simulacrum               Ice/Necr       0%         N/A       100%        6
 Summon Cactus Giant      Summ           0%         N/A       100%        6


Dungeon Overview and Level Annotations

Branches:
Dungeon (8/15) Zot: 1355   Temple (0/1) D:7            Lair (1/5) D:8 Zot: 370
 Bailey (visited)

Altars:
Dithmenos
Elyvilon
Kikubaaqudgha

Shops:
D:2 [=[(   D:7 **


Innate Abilities, Weirdness & Mutations

You are something dangerously unstable.
You glow with magical radiation, making you easy to see and hit.
Foes you strike become dangerously contaminated with magical radiation.
You are incapable of wielding weapons or throwing items.
You passively map the area around you.
You are easily found by Zot.
You glow in the dark.
You regain HP and MP as you explore.


Message History

You hit the wolf.
The wolf begins to glow.
The wolf is moderately wounded.
You feel sick. The wolf bites you but does no damage.
The wolf barely misses you.
Unknown command.
You punch the wolf!
The wolf glows dangerously bright.
The wolf is severely wounded.
You feel sick. The wolf barely misses you.
The wolf bites you but does no damage.
Unknown command.
You hit the wolf.
The wolf shudders as magic cascades through it!!
You kill the wolf!
Dithmenos accepts your kill.
You feel sick.
You are no longer poisoned.
The wolf bites you but does no damage. x2
Unknown command.
You punch the wolf!
The wolf glows dangerously bright.
The wolf is severely wounded.
The wolf bites you but does no damage. The wolf misses you.
Unknown command.
You punch the wolf!
You kill the wolf!
Dithmenos accepts your kill. The wolf bites you.
* * * LOW HITPOINT WARNING * * *
You barely miss the wolf.
The wolf is moderately wounded.
The wolf bites you but does no damage. The wolf misses you. The wolf bites you!
* * * LOW HITPOINT WARNING * * *
You hit the wolf.
The wolf begins to glow.
The wolf is heavily wounded.
The wolf bites you but does no damage. x2
Unknown command.
It was a potion of brilliance.
You feel clever all of a sudden. The wolf barely misses you.
The wolf bites you but does no damage. x2
The wolf bites you!
You die...

##....#,,, , , #.....#*
....... , ,
##.....###...... #####
#........#..... * #.#.#
#.......###...# #...##
##......##..Y.# ###
##...#####.SY...##S..##
##..
###...####hh...##hh..#
#... ##...#
#p#...##....###...
#...#####.S..#....##....
#P....##....Y....###....
#......#.....#...##.....
#...............###.....
#...............# #.....
#......#........# ##....
###.#####.......# ##...
### #.......## ##..


You could see a yak, a water moccasin and 2 wolves.

Vanquished Creatures
  A boulder beetle (Lair:1)
  Pikel (D:5)
  An orc knight (Bailey)
  2 wolf spiders (Lair:1)
  A black mamba (Lair:1)
  A komodo dragon (Lair:1)
  The ghost of niangp the Trooper, an amateur MiBe of Trog (D:4)
  A troll (D:7)
  Sigmund (D:2)
  Eustachio (D:4)
  A steam dragon (D:8)
  A warg (D:8)
  2 water moccasins (Lair:1)
  9 orc warriors
  4 ice beasts
  2 ogres (D:4)
  2 wolves (Lair:1)
  2 centaurs (D:5)
  4 lemures (D:5)
  2 phantoms
  A kobold brigand (D:8)
  A bullfrog (Lair:1)
  3 scorpions
  4 killer bees (D:8)
  2 howler monkeys (D:8)
  A hound (D:7)
  An orc priest (D:8)
  A jelly (D:4)
  Jessica (D:2)
  3 iguanas
  6 orc wizards
  11 gnolls
  7 adders
  3 white imps
  A shadow imp (D:6)
  6 dart slugs
  36 orcs
  8 endoplasms
  5 hobgoblins
  4 jackals (D:3)
  11 kobolds
  5 quokkas
  7 ball pythons
  7 bats
  2 frilled lizards
  15 goblins
  5 rats
197 creatures vanquished.

Notes
Turn   | Place    | Note
-------+----------+-------------------------------------------
     0 | D:1      | lunkers the Meteoran Shapeshifter began the quest for the
                  | Orb.
     0 | D:1      | Reached XP level 1. HP: 16/16 MP: 2/2
     3 | D:1      | Noticed an electric eel
     4 | D:1      | Noticed an electric eel
    69 | D:1      | Reached XP level 2. HP: 21/23 MP: 3/3
    75 | D:1      | Reached skill level 4 in Unarmed Combat
   274 | D:2      | Reached XP level 3. HP: 25/28 MP: 4/4
   276 | D:2      | Found Vathiuf's Armour Shop.
   276 | D:2      | Noticed an animated storm dragon scales
   276 | D:2      | Noticed an animated gold dragon scales
   280 | D:2      | Found Nuidd's Weapon Boutique.
   291 | D:2      | Reached XP level 4. HP: 33/35 MP: 5/5
   354 | D:2      | Noticed Jessica
   371 | D:2      | Reached skill level 5 in Unarmed Combat
   372 | D:2      | Killed Jessica
   435 | D:2      | Reached XP level 5. HP: 40/40 MP: 6/6
   451 | D:2      | Found an ancient bone altar of Kikubaaqudgha.
   470 | D:2      | Found Ikkishie's Jewellery Boutique.
   471 | D:2      | Noticed Sigmund
   488 | D:2      | Killed Sigmund
   489 | D:2      | Reached skill level 6 in Unarmed Combat
   489 | D:2      | Reached skill level 5 in Shapeshifting
   489 | D:2      | Reached XP level 6. HP: 20/47 MP: 7/7
   517 | D:2      | Identified the +0 ring mail of the Three Seers {rF+ Str+3}
   621 | D:2      | Found Muisaf's Antique Armour Shop.
   654 | D:2      | Reached skill level 7 in Unarmed Combat
   869 | D:3      | Reached XP level 7. HP: 47/52 MP: 8/8
   937 | D:3      | Found a shadowy altar of Dithmenos.
   942 | D:3      | Became a worshipper of Dithmenos the Shadowed
  1064 | D:3      | Found a faded altar of an unknown god.
  1233 | D:4      | Noticed Eustachio
  1263 | D:4      | Killed Eustachio
  1264 | D:4      | Reached skill level 8 in Unarmed Combat
  1363 | D:4      | Reached XP level 8. HP: 42/59 MP: 9/9
  1469 | D:4      | Noticed niangp's ghost (amateur MiBe)
  1472 | D:4      | Found a transporter.
  1484 | D:4      | Reached skill level 9 in Unarmed Combat
  1487 | D:4      | Found a transporter.
  1515 | D:4      | Killed niangp's ghost
  1517 | D:4      | Reached * piety under Dithmenos
  1518 | D:4      | HP: 1/59 [hobgoblin (2)]
  1805 | D:5      | Entered Level 5 of the Dungeon
  1857 | D:5      | Reached skill level 10 in Unarmed Combat
  1870 | D:5      | Gained mutation: You passively map the area around you.
                  | [Meteoran growth]
  1870 | D:5      | Reached XP level 9. HP: 63/64 MP: 10/10
  1899 | D:5      | Noticed Pikel
  1908 | D:5      | Killed Pikel
  1909 | D:5      | Reached skill level 11 in Unarmed Combat
  2018 | D:5      | Reached skill level 1 in Armour
  2172 | D:5      | Identified a scroll of acquirement
  2172 | D:5      | Acquired 1098 gold pieces
  2509 | D:6      | Found a white marble altar of Elyvilon.
  2619 | D:7      | Reached XP level 10. HP: 50/74 MP: 11/11
  2619 | D:7      | Found a staircase to the Ecumenical Temple.
  2772 | D:7      | Reached ** piety under Dithmenos
  2794 | D:7      | Reached skill level 12 in Unarmed Combat
  2880 | D:7      | Found Peum Umiuh's Neck Hole.
  2891 | D:7      | Bought a scarf of resistance for 352 gold pieces
  2891 | D:7      | Bought an amulet of regeneration for 330 gold pieces
  2951 | D:7      | Found Voqu's General Store.
  3384 | D:8      | Found a flagged portal.
  3400 | Bailey   | Entered a bailey
  3537 | Bailey   | Reached *** piety under Dithmenos
  3614 | Bailey   | Noticed an orc knight
  3627 | Bailey   | Killed an orc knight
  3628 | Bailey   | Reached skill level 13 in Unarmed Combat
  3660 | Bailey   | Identified the +2 pair of gloves "Xeor" {Harm rF- Str+2
                  | Int+3}
  3662 | Bailey   | Identified the +6 fire dragon scales of the Tanner {rF++
                  | rC- Str+3}
  3764 | D:8      | Found a staircase to the Lair.
  3793 | D:8      | Reached XP level 11. HP: 81/85 MP: 12/12
  3817 | Lair:1   | Entered Level 1 of the Lair of Beasts
  3825 | Lair:1   | Reached skill level 5 in Dodging
  3839 | Lair:1   | Noticed a boulder beetle
  3842 | Lair:1   | Noticed a black mamba
  3860 | Lair:1   | Killed a black mamba
  3873 | Lair:1   | Killed a boulder beetle
  3874 | Lair:1   | Reached skill level 5 in Fighting
  3874 | Lair:1   | Reached skill level 5 in Armour
  4027 | Lair:1   | Noticed a wolf spider
  4027 | Lair:1   | Noticed a wolf spider
  4040 | Lair:1   | Killed a wolf spider
  4051 | Lair:1   | Killed a wolf spider
  4052 | Lair:1   | Reached skill level 14 in Unarmed Combat
  4063 | Lair:1   | Slain by a wolf

Illustrated notes

Levels and vault maps discovered:
D:1:      arrival_aquarium_b, layout_rooms, chequers_decorated_corner,
          chequers_big_river
D:2:      layout_rooms, serial_shops, shop, shop_fountains,
          nicolae_shop_mannequins, shop, basic_altar, uniq_jessica, uniq_sigmund
D:3:      layout_basic, amcnicky_altar_gilded, mainiacjoe_overflow_tiny_flanked,
          nicolae_ecumenical_snake_handling, st_stairs_8
D:4:      layout_basic, gammafunk_ghost_arena, serial_rivers,
          chequers_serial_rivers_small_a, chequers_serial_rivers_micro_c,
          chequers_serial_rivers_micro_d, chequers_serial_rivers_large_b,
          uniq_eustachio
D:5:      layout_loops_ring, roderic_lattice_a, uniq_blork_the_orc, uniq_pikel
D:6:      layout_rooms, mainiacjoe_overflow_boulevard, minitemple,
          minmay_manual_monstrance
D:7:      layout_cave_pods, minmay_temple_entry_ruins, serial_shops,
          nicolae_shop_tiny_statue_garden, skrybe_limestone_x,
          nicolae_shop_sticking_my_neck_out
D:8:      layout_basic, erik_lair_orcish_takeover,
          lightli_bailey_entry_fortress, moated_statue
Lair:1:   layout_cave_pods, nicolae_volcano_entry_batcave,
          nicolae_lair_run_with_the_wolves

Skill      XL: |  1  2  3  4  5  6  7  8  9 10 11 |
---------------+----------------------------------+-----
Unarmed Combat | 4 5 6 7 8 10 11 13 14 | 14.1
Shapeshifting  | 4 5 6 7 8 9 |  9.7
Armour         | 2 4 5 |  5.5
Fighting       | 2 4 5 |  5.6
Dodging        | 3 4 5 |  5.9

Action                     |  1- 3 |  4- 6 |  7- 9 | 10-12 || total
---------------------------+-------+-------+-------+-------++-------
  Melee: Unarmed           |    48 |   103 |   237 |   275 ||   663
         Punch             |       |     5 |     2 |       ||     7
    Use: Potion            |       |     1 |       |     1 ||     2
         Scroll            |       |       |     9 |     1 ||    10
 Armour: Animal skin       |    24 |       |       |       ||    24
         Leather armour    |       |    21 |       |       ||    21
         Skin              |       |     6 |       |       ||     6
         Ring mail         |       |    51 |   132 |   113 ||   296
         Fire dragon scale |       |       |       |   100 ||   100
  Dodge: Dodged            |    31 |    90 |   118 |   201 ||   440
   Form: Flux              |       |       |     1 |       ||     1

Table legend: (Time is in decaauts)
 A = Elapsed time spent in this place.
 B = Non-inter-level travel time spent in this place.
 C = Inter-level travel time spent in this place.
 D = Time resting spent in this place.
 E = Time spent auto-exploring this place.
 F = Levels seen in this place.
 G = Mean time per level.
                   A        B        C        D        E       F      G
               +--------+--------+--------+--------+--------+-----+--------+
         Total |   3992 |   3893 |     99 |     24 |   2247 |  10 |  399.2 |
       Dungeon |   3445 |   3346 |     99 |     24 |   2153 |   8 |  430.6 |
          Lair |    228 |    228 |      0 |      0 |     74 |   1 |  228.0 |
        Bailey |    319 |    319 |      0 |      0 |     20 |   1 |  319.0 |
               +--------+--------+--------+--------+--------+-----+--------+

Top non-repeatable levels by time:
     D:7: 715 daAuts
     D:4: 648 daAuts
     D:2: 494 daAuts
     D:5: 395 daAuts
     D:3: 394 daAuts
  Bailey: 319 daAuts
     D:6: 304 daAuts
     D:1: 255 daAuts
     D:8: 236 daAuts
  Lair:1: 228 daAuts
